 Dungeon Crawl Stone Soup version 0.22.1-5-g62c59d919a (webtiles) character file.

231 NochnoyZador the Ruffian (level 5, -11/50 HPs)
             Began as a Troll Monk on Jan 12, 2019.
             Mangled by an ogre
             ... wielding a +0 giant club
              (14 damage)
             ... on level 4 of the Dungeon.
             The game lasted 00:09:00 (2487 turns).

NochnoyZador the Ruffian (Troll Monk)               Turns: 2487, Time: 00:09:01

Health: -11/50     AC:  5    Str: 19    XL:     5   Next: 73%
Magic:  4/4        EV: 11    Int:  6    God:
Gold:   160        SH:  0    Dex: 13    Spells: 4/4 levels left

rFire    . . .     SeeInvis +     - Unarmed
rCold    . . .     Gourm    +   (no shield)
rNeg     . . .     Faith    .   a - +0 robe
rPois    .         Spirit   .   (helmet restricted)
rElec    .         Reflect  .   (no cloak)
rCorr    .         Harm     .   (gloves unavailable)
MR       .....                  (boots unavailable)
Stlth    ++........             (no amulet)
HPRegen  0.56/turn              c - ring of see invisible
MPRegen  0.09/turn              (no ring)

@: no status effects
A: large, unfitting armour, claws 3, fast metabolism 3, gourmand, regeneration
1, shaggy fur 1, tough skin 2
a: no special abilities


You were on level 4 of the Dungeon.
You were completely stuffed.

You visited 1 branch of the dungeon, and saw 4 of its levels.

You collected 160 gold pieces.

Inventory:

Missiles
 e - 130 stones (quivered)
 n - 59 sling bullets
 z - 2 throwing nets
Armour
 a - a +0 robe (worn)
Magical Staves
 x - an uncursed staff of conjuration {unknown}
Jewellery
 c - a ring of see invisible (left claw)
 g - an uncursed ring of poison resistance {unknown}
 p - an uncursed ring of flight {unknown}
 u - an uncursed amulet of the gourmand {unknown}
Scrolls
 d - a scroll of blinking {unknown}
 h - 4 scrolls of remove curse {unknown}
 i - 2 scrolls of identify {unknown}
 j - a scroll of fog {unknown}
 l - 5 scrolls of teleportation {unknown}
 t - a scroll of amnesia {unknown}
 v - 2 scrolls of random uselessness {unknown}
 y - a scroll of enchant weapon {unknown}
Potions
 f - a potion of mutation {unknown}
 k - a potion of might {unknown}
 m - a potion of flight {unknown}
 o - a potion of curing {unknown}
 q - 3 potions of brilliance {unknown}
 s - a potion of ambrosia {unknown}
 w - a potion of lignification {unknown}
 A - a potion of berserk rage {unknown}
Comestibles
 b - 6 rations
 r - 5 chunks of flesh


   Skills:
 * Level 2.6 Fighting
 * Level 2.7 Dodging
 - Level 1.0 Stealth
 + Level 6.2 Unarmed Combat


You had 4 spell levels left.
You didn't know any spells.
Your spell library was empty.

Dungeon Overview and Level Annotations

Branches:
Dungeon (4/15)
 Temple: D:4-7

Altars:
Ashenzari
Hepliaklqana
Qazlal


Innate Abilities, Weirdness & Mutations

You are too large for most types of armour.
You have claws for hands.
Your metabolism is lightning-fast.
You like to eat raw meat.
Your natural rate of healing is unusually fast.
You are covered in fur. (AC +1)
You have very tough skin. (AC +2)


Message History

The hound barely misses you. The hound misses you.
Found 8 poisoned needles.
The giant cockroach bites you but does no damage.
The hound bites you but does no damage. The hound completely misses you.
The hound closely misses you.
You claw the hound!
The hound is almost dead.
The hound barely misses you. The hound bites you.
* * * LOW HITPOINT WARNING * * *
You closely miss the hound.
The hound is almost dead.
The hound bites you.
* * * LOW HITPOINT WARNING * * *
Some of the chunks of flesh in your inventory have rotted away.
You barely miss the hound.
The hound is almost dead.
The hound misses you. The ogre hits you with a giant club!
You die...

#....## #.....#
#.....##
#......#
#......## ####
#.......###..#
#.......##...#
#........##..##
#......aO##@..#
#.........#hO##
#.......a.sa##
#.........###
#.......###
#.(....##
....## ...# ##


You could see an ogre, a hound, a worker ant and a giant cockroach.

Vanquished Creatures
  An orc wizard (D:3)
  A worker ant (D:2)
  3 gnolls (D:2)
  5 adders
  2 oozes (D:1)
  2 worms
  A dart slug (D:3)
  9 orcs (D:3)
  6 bats
  4 giant cockroaches
  8 hobgoblins
  6 jackals
  8 kobolds
  3 quokkas
  3 ball pythons
  8 frilled lizards
  6 goblins
  8 rats
84 creatures vanquished.

Notes
Turn   | Place    | Note
-------+----------+-------------------------------------------
     0 | D:1      | NochnoyZador the Troll Monk began the quest for the Orb.
     0 | D:1      | Reached XP level 1. HP: 22/22 MP: 0/0
   100 | D:1      | Reached XP level 2. HP: 29/29 MP: 1/1
   248 | D:1      | Reached skill level 4 in Unarmed Combat
   569 | D:1      | Reached XP level 3. HP: 36/36 MP: 2/2
   899 | D:2      | Reached skill level 5 in Unarmed Combat
   899 | D:2      | Reached XP level 4. HP: 28/44 MP: 3/3
  1119 | D:2      | Found a stormy altar of Qazlal.
  1434 | D:2      | Reached XP level 5. HP: 49/50 MP: 4/4
  1578 | D:2      | Found a shattered altar of Ashenzari.
  1591 | D:2      | Found a hazy altar of Hepliaklqana.
  1717 | D:3      | Reached skill level 6 in Unarmed Combat
  2466 | D:4      | Noticed an ogre
  2470 | D:4      | HP: 2/50 [ogre/giant club (26)]
  2487 | D:4      | Mangled by an ogre

Skill      XL: |  1  2  3  4  5 |
---------------+----------------+-----
Unarmed Combat | 4 5 6 |  6.2
Fighting       | |  2.6
Dodging        | |  2.7
Stealth        | |  1.0

Action                   |  1- 3 |  4- 6 || total
-------------------------+-------+-------++-------
Melee: Unarmed           |    96 |   139 ||   235
       Punch             |     1 |       ||     1
 Stab: Sleeping          |     3 |     4 ||     7
  Eat: Chunk             |    14 |    14 ||    28
Armor: Robe              |    41 |    39 ||    80
Dodge: Dodged            |    55 |    74 ||   129
